 Dungeon Crawl Stone Soup version 0.32-a0-360-gcd93b57ba1 (webtiles) character file.

Game seed: 15455654011879978551

429 Goblin1989 the Chopper (level 6, 0/46 HPs)
             Began as a Coglin Gladiator on Feb 18, 2024.
             Was an Initiate of Gozag.
             Incinerated by a bombardier beetle (5 damage)
             ... with a burning spray
             ... on level 4 of the Dungeon.
             The game lasted 00:06:31 (2926 turns).

Goblin1989 the Chopper (Coglin Gladiator)           Turns: 2926, Time: 00:06:31

Health: 0/46       AC: 12    Str: 16    XL:     6   Next: 98%
Magic:  6/6        EV: 10    Int:  8    God:    Gozag
Gold:   215        SH:  0    Dex: 15    Spells: 5/5 levels left

rFire   . . .        a - +0 war axe {Agathocles}
rCold   . . .        u - +0 hand axe {Magnus}
rNeg    . . .        n - +0 scale mail
rPois   .            c - +0 helmet
rElec   .            (no cloak)
rCorr   .            o - +0 pair of gloves
SInv    .            (no boots)
Will    .....        (no amulet) Stlth
                     k - +4 ring of protection
HPRegen 1.07/turn    (no ring)
MPRegen 0.10/turn

%: no passive effects
@: on fire, gold aura, glowing, revving, stiff-legged, very slow
A: off-hand wielding, slow wielding, warmup strikes, warmup strides,
regeneration 1, no potion heal 1
a: Renounce Religion, Potion Petition, Call Merchant, Bribe Branch


You were on level 4 of the Dungeon.
You worshipped Gozag.
Gozag was aware of your devotion.
You visited 2 branches of the dungeon, and saw 5 of its levels.

You collected 321 gold pieces.
You paid 106 gold pieces to Gozag.

Inventory:

Hand Weapons
 a - a +0 war axe (weapon) {Agathocles}
 u - a +0 hand axe (worn) {Magnus}
Missiles
 d - 4 throwing nets (quivered) {!d , @Q1}
 e - a javelin
Armour
 c - a +0 helmet (worn)
 n - a +0 scale mail (worn)
 o - a +0 pair of gloves (worn)
Jewellery
 k - a +4 ring of protection (left grasper)
 l - a +4 ring of protection
 t - a ring of see invisible
 w - a ring of magical power
Scrolls
 f - a scroll of butterflies {unknown}
 g - 3 scrolls of teleportation {unknown}
 p - a scroll of revelation {unknown}
 q - 2 scrolls of enchant weapon {unknown}
 s - 2 scrolls of identify {unknown}
 v - a scroll of noise {unknown}
 y - a scroll of fear {unknown}
 A - a scroll of fog {unknown}
Potions
 i - a potion of cancellation {unknown}
 j - 2 potions of haste {unknown}
 m - 3 potions of curing {unknown}
 r - 2 potions of heal wounds {unknown}
 x - a potion of might {unknown}
 z - a potion of attraction {unknown}


   Skills:
 + Level 2.6 Fighting
 * Level 6.9 Axes
 - Level 1.7 Throwing
 + Level 1.2 Armour
 + Level 3.2 Dodging


You had 5 spell levels left.
You didn't know any spells.
Your spell library contained the following spells:

 Spells                   Type           Power      Damage    Failure   Level
 Magic Dart               Conj           0%         1d3       85%         1
 Blink                    Tloc           0%         N/A       94%         2
 Call Imp                 Summ           0%         N/A       94%         2
 Call Canine Familiar     Summ           0%         N/A       99%         3
 Sigil of Binding         Hex            0%         N/A       99%         3
 Dimensional Bullseye     Hex/Tloc       0%         N/A       100%        4


Dungeon Overview and Level Annotations

Branches:
Dungeon (4/15) Zot: 20921  Temple (1/1) D:4 Zot: 5956

Altars:
Cheibriados
Dithmenos
Elyvilon
Gozag
Hepliaklqana
Kikubaaqudgha
Makhleb
Nemelex Xobeh
Okawaru
Qazlal
Ru
Trog
Uskayaw
Vehumet
Yredelemnul
Zin
The Shining One


Innate Abilities, Weirdness & Mutations

You can wield a second weapon in your off-hand.
It takes a long time for you to wield or remove held weapons.
Your first few attacks do less damage.
Your first movements take longer.
Your natural rate of healing is unusually fast.
Potions are less effective at restoring your health.


Message History

A bombardier beetle is nearby!
A bombardier beetle is nearby!
A bombardier beetle is nearby!
A bombardier beetle is nearby!
A bombardier beetle is nearby!
The bombardier beetle sprays incendiary fluid at you.
The burning spray hits you.
You are covered in liquid fire!
You shake off some of the fire as you move.
The liquid fire burns you!
You barely miss the bombardier beetle with your +0 war axe.
You hit the bombardier beetle but do no damage.
The liquid fire burns you!
The bombardier beetle bites you but does no damage.
You hit the bombardier beetle but do no damage.
You hit the bombardier beetle with your +0 hand axe.
The liquid fire burns you!
The bombardier beetle barely misses you.
You barely miss the bombardier beetle with your +0 war axe.
The bombardier beetle is heavily wounded.
You completely miss the bombardier beetle with your +0 hand axe.
The liquid fire burns you!
You slash the bombardier beetle with your +0 war axe!
The bombardier beetle is almost dead.
You hit the bombardier beetle but do no damage.
The liquid fire burns you!
The bombardier beetle barely misses you.
You hit the bombardier beetle but do no damage.
The bombardier beetle is almost dead.
You barely miss the bombardier beetle with your +0 hand axe.
The liquid fire burns you!
The bombardier beetle sprays incendiary fluid at you.
The burning spray hits you.
You are even more covered in liquid fire!
You hit the bombardier beetle with your +0 hand axe.
You kill the bombardier beetle!
The liquid fire burns you!
No target in view!
No target in view!
No target in view!
No target in view!
No target in view!
No target in view!
No target in view!
No target in view!
No target in view!
No target in view!
No target in view!
No target in view!
No target in view!
No target in view!
No target in view!
No target in view!
No target in view!
No target in view!
No target in view!
No target in view!
No target in view!
No target in view!
You take 16 damage, and have 30/46 hp.
MASSIVE DAMAGE!!
Unknown command.
You are on fire!
You are on fire!
You are on fire!
You are on fire!
You are on fire!
You are on fire!
You are on fire!
You are on fire!
You are on fire!
You are on fire!
The liquid fire burns you!
You take 2 damage, and have 28/46 hp.
The liquid fire burns you!
You take 3 damage, and have 25/46 hp.
The liquid fire burns you!
* * * LOW HITPOINT WARNING * * *
You take 4 damage, and have 21/46 hp.
The liquid fire burns you!
* * * LOW HITPOINT WARNING * * *
You take 1 damage, and have 20/46 hp.
The liquid fire burns you!
* * * LOW HITPOINT WARNING * * *
You take 4 damage, and have 16/46 hp.
The liquid fire burns you!
* * * LOW HITPOINT WARNING * * *
A ball python comes into view.
You take 2 damage, and have 14/46 hp.
The liquid fire burns you!
* * * LOW HITPOINT WARNING * * *
The ball python hisses angrily.
You take 3 damage, and have 11/46 hp.
The liquid fire burns you!
* * * LOW HITPOINT WARNING * * *
You take 3 damage, and have 8/46 hp.
The liquid fire burns you!
* * * LOW HITPOINT WARNING * * *
You take 3 damage, and have 5/46 hp.
The liquid fire burns you!
You die...
Your body crumbles into a pile of gold.

██.. .█.$ .....
█████.....
████████████..█......
........█.█..........
....S.$@..!......█
.▲.......████.████ ..
█.>.............██.█
█...█.██████.........
█...█.........███▲███..
█.. █.........█.$...█..
█. █.........█..$..█..
.. ..........█$.⌂..█..
..........█.$...█..


You could see a ball python.

Vanquished Creatures
  2 scorpions (D:4)
  A bombardier beetle (D:4)
  Jessica (D:2)
  7 gnolls
  3 adders
  4 dart slugs
  11 orcs (D:3)
  8 ball pythons
  4 bats
  4 endoplasms
  3 giant cockroaches
  4 goblins
  8 hobgoblins
  5 jackals
  5 quokkas
  4 frilled lizards
  5 kobolds
  4 rats (D:1)
83 creatures vanquished.

Notes
Turn   | Place    | Note
-------+----------+-------------------------------------------
     0 | D:1      | Goblin1989 the Coglin Gladiator began the quest for the
                  | Orb.
     0 | D:1      | Reached XP level 1. HP: 16/16 MP: 1/1
    87 | D:1      | Reached XP level 2. HP: 22/22 MP: 2/2
   142 | D:1      | Reached skill level 4 in Axes
   156 | D:1      | Reached XP level 3. HP: 15/27 MP: 3/3
   521 | D:1      | Reached XP level 4. HP: 33/33 MP: 4/4
   929 | D:2      | Reached skill level 5 in Axes
  1155 | D:2      | Noticed Jessica
  1166 | D:2      | Killed Jessica
  1167 | D:2      | Reached XP level 5. HP: 30/38 MP: 5/5
  1970 | D:3      | Gained mutation: Potions are less effective at restoring
                  | your health. [potion of mutation]
  1970 | D:3      | Gained mutation: Your natural rate of healing is unusually
                  | fast. [potion of mutation]
  2016 | D:3      | Reached skill level 6 in Axes
  2503 | D:4      | Noticed a phantom
  2538 | D:4      | Reached XP level 6. HP: 44/44 MP: 6/6
  2582 | D:4      | Found a stormy altar of Qazlal.
  2611 | D:4      | Found a burning altar of Makhleb.
  2630 | D:4      | Found a staircase to the Ecumenical Temple.
  2645 | Temple   | Entered the Ecumenical Temple
  2680 | Temple   | Became a worshipper of Gozag Ym Sagoz the Greedy
  2842 | D:4      | Reached skill level 1 in Armour
  2888 | D:4      | Found a shadowy altar of Dithmenos.
  2926 | D:4      | Incinerated by a bombardier beetle

Illustrated notes

Levels and vault maps discovered:
D:1:      wander_arrival_chamber, layout_loops_ring, skrybe_limestone_x,
          minmay_heptomino_o4
D:2:      layout_loops_ring, minmay_misc_feat_chi, uniq_jessica
D:3:      layout_loops_ring, kennysheep_generic_room_15
D:4:      layout_basic, kennysheep_mini_moat, amcnicky_altar_gilded,
          bloody_makhleb, minmay_temple_entry_water_ring, nicolae_half_adder
Temple:   nicolae_temple_superstar

Skill      XL: |  1  2  3  4  5  6 |
---------------+-------------------+-----
Axes           | 4 5 6 |  6.9
Dodging        | 3 |  3.2
Armour         | 1 |  1.2
Fighting       | |  2.6
Throwing       | |  1.7

Action                     |  1- 3 |  4- 6 || total
---------------------------+-------+-------++-------
  Melee: War axe           |    92 |   179 ||   271
         Hand axe          |       |    61 ||    61
    Use: Potion            |       |     1 ||     1
 Armour: Leather armour    |    60 |     8 ||    68
         Scale mail        |       |   120 ||   120
  Dodge: Dodged            |    89 |   128 ||   217

Table legend: (Time is in decaauts)
 A = Elapsed time spent in this place.
 B = Non-inter-level travel time spent in this place.
 C = Inter-level travel time spent in this place.
 D = Time resting spent in this place.
 E = Time spent auto-exploring this place.
 F = Levels seen in this place.
 G = Mean time per level.
                   A        B        C        D        E       F      G
               +--------+--------+--------+--------+--------+-----+--------+
         Total |   3121 |   2907 |    214 |     35 |   2155 |   5 |  624.2 |
       Dungeon |   3078 |   2896 |    182 |     35 |   2155 |   4 |  769.5 |
        Temple |     43 |     11 |     32 |      0 |      0 |   1 |   43.0 |
               +--------+--------+--------+--------+--------+-----+--------+

Top non-repeatable levels by time:
     D:1: 942 daAuts
     D:2: 878 daAuts
     D:3: 871 daAuts
     D:4: 386 daAuts
  Temple: 43 daAuts
